[Event "45th FIDE Womens Olympiad 2024"]
[Site "Budapest"]
[Date "2024.09.15"]
[Round "5.45"]
[White "Cori T., Deysi"]
[Black "Yao, Lan"]
[Result "1/2-1/2"]
[ECO "A14"]
[WhiteElo "2366"]
[BlackElo "2353"]
[Annotator "TA"]
[PlyCount "99"]
[EventDate "2024.09.05"]
[EventType "team-tourn"]
[EventCountry "HUN"]
[SourceTitle "playchess.com"]
[Source "ChessBase"]
[SourceQuality "1"]
[WhiteTeam "Peru"]
[BlackTeam "England"]
[WhiteTeamCountry "PER"]
[BlackTeamCountry "ENG"]
[TimeControl "40/5400+30:1800+30"]

1. Nf3 d5 2. g3 Nf6 3. Bg2 e6 4. O-O Be7 5. c4 O-O 6. b3 d4 7. e3 c5 {A14: English Opening: 1...e6 with b3 by White.} 8. exd4 {8.Ne5 is the hot move.} cxd4 9. d3 Nc6 10. Na3 Re8 11. Nc2 e5 12. a3 a5 13. h3 $146 ({Predecessor:} 13. Re1 Nd7 14. Rb1 Rb8 15. b4 axb4 16. axb4 b5 17. c5 Bf8 18. Ng5 h6 19. Nxf7 {1-0 Barria Zuniga,D (2341)-Svane,R (2637) Titled Tuesday intern op 07th Dec blitz 2021 (2)}) 13... h6 14. Re1 Bf8 15. g4 Qd6 16. Nd2 Be6 17. Rb1 Rab8 18. Qf3 Ne7 19. Qg3 Ng6 20. Ne4 Nxe4 21. Bxe4 Bd7 (21... b5 $5 22. Bd2 Nf4 23. Bxf4 exf4 $11) 22. b4 b6 23. Re2 Be7 24. Ne1 $1 axb4 25. axb4 Bh4 26. Qh2 (26. Qf3 $11) 26... Bc6 $15 27. Qg2 Bxe4 28. Qxe4 Re6 (28... Bg5 $15 29. Bxg5 hxg5) 29. Nf3 $11 Qe7 30. Bd2 Re8 31. Qf5 Qb7 32. Qe4 Qe7 (32... Qxe4 $15 33. Rxe4 Ra8) 33. Qf5 Bf6 34. Ra1 Qc7 35. Ree1 e4 36. Rxe4 Rxe4 37. dxe4 Qxc4 38. g5 (38. Rc1 $11 {remains equal.} Qe2 39. Bxh6) 38... hxg5 (38... Bxg5 {with more complications.} 39. Rc1 Qb3 40. Bxg5 hxg5 41. Rc7 d3) 39. Bxg5 (39. Rc1 $1 $15 Qa2 40. Rc6) 39... Qd3 $2 (39... Qxb4 $6 40. Bxf6 gxf6 41. Qxf6 $11) (39... Bxg5 $17 40. Nxg5 Rd8 (40... Qxb4 41. Qxf7+ Kh8 42. Qxg6 Kg8 43. Qf7+ Kh8 44. Qxe8+)) 40. Bxf6 $14 gxf6 41. Qxf6 Qxe4 42. Re1 $1 ({Of course not} 42. Nxd4 Nf4 43. Qg5+ Kh7 44. Qh4+ Kg7 45. Qg4+ Kh8 46. Qh4+ Kg8 47. Qg4+ Kh8 48. Qh4+ Kg8 49. Qg4+ Kh8 $11) 42... Qa8 43. Rxe8+ (43. Qxb6 Rxe1+ 44. Nxe1 Qa1 $11) 43... Qxe8 44. Qxd4 ({Much worse is} 44. Nxd4 Qe1+ 45. Kh2 Qxb4 $11) 44... Qc6 45. Qe3 Qd5 46. Qe8+ ({White should try} 46. Ne1 $14) 46... Kg7 $11 47. Qe3 (47. Qe2 $11) 47... Kg8 $14 48. Qe8+ (48. Ne1 $14) 48... Kg7 $11 49. Qe3 (49. Qe2 $11) 49... Kg8 $1 $14 50. Qe8+ ({Better is} 50. Ne1 $14) 1/2-1/2

[Event "45th FIDE Womens Olympiad 2024"]
[Site "Budapest"]
[Date "2024.09.15"]
[Round "5.46"]
[White "Houska, Jovanka"]
[Black "Aliaga Fernandez, Ingrid Y"]
[Result "1-0"]
[ECO "D27"]
[WhiteElo "2333"]
[BlackElo "2111"]
[Annotator "TA"]
[PlyCount "93"]
[EventDate "2024.09.05"]
[EventType "team-tourn"]
[EventCountry "HUN"]
[SourceTitle "playchess.com"]
[Source "ChessBase"]
[SourceQuality "1"]
[WhiteTeam "England"]
[BlackTeam "Peru"]
[WhiteTeamCountry "ENG"]
[BlackTeamCountry "PER"]
[TimeControl "40/5400+30:1800+30"]

1. d4 d5 2. c4 dxc4 3. Nf3 Nf6 4. e3 e6 5. Bxc4 c5 6. O-O a6 7. Nbd2 Nc6 8. dxc5 Bxc5 9. a3 O-O {White has an edge.} 10. b4 Bd6 11. Bb2 b5 12. Be2 Bb7 13. Qb1 Qe7 14. Rd1 Rfd8 15. Nf1 Rac8 16. Ng3 Bb8 17. Rxd8+ Rxd8 18. Qc2 h6 19. Rc1 Na7 20. Ne5 Rc8 21. Qb1 Rxc1+ 22. Qxc1 Qc7 {[#] aiming for ...Qxc1+.} 23. Qa1 Ne8 24. Bh5 g6 25. Bd1 (25. Be2 {with more complications.} Qc2 26. Bd1 Qd2 27. Bd4) 25... Nc6 26. Nd3 Qe7 27. Nc5 e5 (27... Na5 $14) 28. Nxb7 Qxb7 29. Bf3 Qc7 30. Ne4 {Wards off Nf6. White is more active.} Ba7 (30... f5 $16 {was necessary.}) 31. Qc1 $18 Kf8 32. Nc5 Ne7 $2 {[#] This move loses the game for Black.} (32... Nb8 $16 {was called for.} 33. h3 Ke7) 33. Bxe5 $1 Qc8 (33... Qd8 34. Nxa6) 34. Bb7 {Black is weak on the dark squares} Qf5 (34... Qd8 $142 35. h3 (35. Bxa6 Bxc5 36. bxc5 Qd5 $18) (35. Nxa6 Nd6 $18) 35... a5) 35. e4 {White is clearly winning.} Qh5 36. Nd7+ Kg8 37. Nf6+ Nxf6 38. Bxf6 Qe2 39. Bxe7 {[%cal Oe7c5] And now Bc5! would win. This pair of bishops is nice.} Bxf2+ 40. Kh1 Be1 41. Bc5 (41. Bxa6 $2 Qf1#) 41... Bd2 42. Qb1 h5 43. Bxa6 h4 44. h3 g5 45. Bc8 Bf4 46. Bg4 Qd2 47. Qd1 {Weighted Error Value: White=0.08 (flawless) /Black=0.28 (precise) .  Loses game:     	---       	Black=1      Mistake:       	---       	Black=3      Inaccurate:     	White=2     	Black=2      OK:         	White=12    	Black=10     Best:        	White=2     	Black=2      Brilliant:      	White=1     	---} 1-0

[Event "45th FIDE Womens Olympiad 2024"]
[Site "Budapest"]
[Date "2024.09.15"]
[Round "5.47"]
[White "Contreras Huaman, Fiorella"]
[Black "Toma, Katarzyna"]
[Result "1-0"]
[ECO "B23"]
[WhiteElo "2168"]
[BlackElo "2184"]
[Annotator "TA"]
[PlyCount "81"]
[EventDate "2024.09.05"]
[EventType "team-tourn"]
[EventCountry "HUN"]
[SourceTitle "playchess.com"]
[Source "ChessBase"]
[SourceQuality "1"]
[WhiteTeam "Peru"]
[BlackTeam "England"]
[WhiteTeamCountry "PER"]
[BlackTeamCountry "ENG"]
[TimeControl "40/5400+30:1800+30"]

1. e4 c5 2. Nc3 a6 3. g3 b5 4. Bg2 Bb7 5. d3 e6 6. Nh3 Be7 7. O-O Nc6 8. f4 Qc7 {The position is equal.} 9. e5 f5 10. exf6 Nxf6 11. Ne4 O-O 12. c3 Rae8 13. Be3 Nd8 14. Nhg5 Nxe4 15. Nxe4 Nf7 16. d4 c4 17. Qh5 g6 18. Qh3 Bd5 19. Rae1 Qc6 20. Bd2 a5 21. g4 Nd6 22. Nc5 Nc8 23. Ne4 Nb6 (23... Nd6 $11 24. Nc5 Nf7) 24. f5 (24. Re2 {looks sharper.} b4 25. f5 gxf5 26. gxf5 exf5 27. Ng3) 24... exf5 25. gxf5 Rxf5 26. Rxf5 gxf5 27. Qxf5 {[%cal Oe4g5] [#] And now Ng5! would win.} Rf8 $1 28. Qg4+ Qg6 29. Qxg6+ hxg6 30. Nc5 Bh4 {[#] Strongly threatening ...Bf2+.} 31. Bxd5+ Nxd5 32. Re4 d6 (32... Rf2 $1 $11 33. Bg5 (33. Rxh4 $2 Rxd2 34. Rg4 Rxb2 $19) 33... Rxb2 34. Bxh4 (34. Rxh4 Rxa2 35. Rh6 Nxc3 $11) 34... d6) 33. Nb7 (33. Rxh4 $16 dxc5 34. dxc5) 33... Be7 $1 $11 ({Reject} 33... Rf2 34. Be1 (34. Rxh4 $2 {is the wrong capture.} Rxd2 35. Rg4 Rxb2 $19) 34... Rxb2 35. Bxh4 $16 (35. Rxh4 b4 $11)) 34. Nxa5 Ra8 (34... Rc8 $1 $11) 35. Nc6 $16 Bf8 36. a3 Rc8 37. Nb4 Nf6 (37... Nxb4 $16 38. axb4 Kf7) 38. Re2 $18 Kf7 39. Bg5 {Hoping for Rf2.} d5 $2 (39... Bg7 $16 40. Kf1 Re8) 40. Rf2 Bxb4 41. Rxf6+ {Weighted Error Value: White=0.12 (very precise) /Black=0.18 (very precise) .  Loses game:     	---       	Black=1      Mistake:       	White=1     	Black=4      Inaccurate:     	White=4     	Black=5      OK:         	White=14    	Black=6      Best:        	White=2     	Black=1      Strong:       	---       	Black=2} ({Not} 41. cxb4 Rc6 $11) 1-0

[Event "45th FIDE Womens Olympiad 2024"]
[Site "Budapest"]
[Date "2024.09.15"]
[Round "5.48"]
[White "Sivanandan, Bodhana"]
[Black "Garcia Andrada, Heidy Nicole"]
[Result "0-1"]
[ECO "B28"]
[WhiteElo "2196"]
[BlackElo "2003"]
[Annotator "TA"]
[PlyCount "66"]
[EventDate "2024.09.05"]
[EventType "team-tourn"]
[EventCountry "HUN"]
[SourceTitle "playchess.com"]
[Source "ChessBase"]
[SourceQuality "1"]
[WhiteTeam "England"]
[BlackTeam "Peru"]
[WhiteTeamCountry "ENG"]
[BlackTeamCountry "PER"]
[TimeControl "40/5400+30:1800+30"]

1. e4 c5 2. Nf3 a6 3. c3 d5 4. exd5 Qxd5 5. d4 e6 6. Be3 cxd4 7. Qxd4 Nf6 8. Bc4 Qxd4 {The position is equal.} 9. Bxd4 Nc6 10. Nbd2 Be7 11. O-O O-O 12. Rad1 b5 13. Bb3 Bb7 14. Rfe1 Nxd4 15. Nxd4 Bd5 16. Bxd5 Nxd5 17. N2f3 Rfe8 18. Kf1 Rac8 19. g3 g6 20. Re2 Bf6 21. Ne5 h5 22. h4 Re7 23. Nc2 Rec7 24. Nd3 {[#]} (24. a3 $11 {remains equal.}) 24... a5 {Black is more active.} (24... Bxc3 $1 $17 25. Ne3 (25. bxc3 $2 {perishes.} Nxc3 26. Ne3 Rd8 $19) 25... Nxe3+ 26. Rxe3 Bg7) 25. Ne3 $11 Nb6 26. Red2 Kg7 27. Nc1 (27. a3 $11) 27... b4 $17 28. Ne2 bxc3 29. bxc3 Na4 ({Don't play} 29... Bxc3 30. Nxc3 Rxc3 31. Rb2) 30. Rd7 Nxc3 {Black is clearly better.} 31. Nxc3 {[#] Black must now prevent Nb5.} Rxd7 32. Rxd7 Rxc3 33. Ke2 g5 {Weighted Error Value: White=0.21 (precise) /Black=0.07 (flawless) .  Mistake:       	White=2     	Black=2      Inaccurate:     	White=2     	Black=1      OK:         	White=6     	Black=12     Best:        	---       	Black=2} (33... Ra3 $19 34. Rd2 g5 35. hxg5 Bxg5) 0-1

[Event "45th FIDE Womens Olympiad 2024"]
[Site "Budapest"]
[Date "2024.09.15"]
[Round "5.49"]
[White "Roebers, Eline"]
[Black "Medic, Mirjana"]
[Result "1/2-1/2"]
[ECO "C10"]
[WhiteElo "2340"]
[BlackElo "2101"]
[Annotator "TA"]
[PlyCount "105"]
[EventDate "2024.09.05"]
[EventType "team-tourn"]
[EventCountry "HUN"]
[SourceTitle "playchess.com"]
[Source "ChessBase"]
[SourceQuality "1"]
[WhiteTeam "Netherlands"]
[BlackTeam "Croatia"]
[WhiteTeamCountry "NED"]
[BlackTeamCountry "CRO"]
[TimeControl "40/5400+30:1800+30"]

1. e4 e6 2. d4 d5 3. Nc3 Nf6 4. Bg5 dxe4 5. Nxe4 Nbd7 6. Nxf6+ Nxf6 7. Nf3 Be7 8. Bd3 c5 9. dxc5 Qa5+ 10. c3 Qxc5 11. Qe2 O-O 12. O-O-O Rd8 (12... h6 $14 13. Bxf6 Bxf6) 13. h4 (13. Bxf6 $1 $16 Bxf6 14. Bxh7+ Kxh7 15. Rxd8 Bxd8 16. Qd3+ Qf5 17. Qxd8 Qf4+ 18. Qd2 Qxd2+ 19. Nxd2) 13... Bd7 $11 14. h5 (14. Kb1 $11) 14... h6 $15 15. Be3 {Black is slightly better.} Qa5 16. Kb1 e5 {Against Bd4. ...e4 is the strong threat.} ({Weaker is} 16... Nxh5 17. b4 Bxb4 (17... Qd5 $2 18. Bh7+ Kxh7 19. Rxd5 $18) 18. cxb4 Qxb4+ 19. Qb2 Qxb2+ 20. Kxb2 $16) 17. Nd2 Be6 18. Bc4 Bxc4 (18... Nd5 $17 19. Qf3 Qc7) 19. Nxc4 (19. Qxc4 $11 Rac8 20. Qe2) 19... Qb5 {aiming for ...Nd5.} 20. Rxd8+ Rxd8 21. Re1 b6 (21... Nxh5 $1 $17 22. Qxh5 Qxc4 23. Qxe5 Qd3+ 24. Kc1 Bf6) 22. Bc1 e4 23. Nd2 Qxh5 24. Qxh5 Nxh5 25. Nxe4 Nf6 26. Ng3 Bc5 27. Re2 Re8 28. Rxe8+ Nxe8 $14 {[%mdl 4096] Endgame. KBN-KBN} 29. Ne4 {[%cal Bg3e4,Be4d2,Bd2f3,Bf3e5][%mdl 32] Threatens to win with Nxc5.} Be7 30. Kc2 g5 31. Kd3 f5 32. Nd2 Kf7 33. Nf3 Bc5 34. Ke2 a5 35. Bd2 b5 36. c4 b4 (36... bxc4 $11 37. Bxa5 Nd6) 37. Ne5+ Ke6 38. Nc6 Bb6 39. Be3 Bc7 40. Kd3 (40. Nd4+ $14 Kf6 41. Nb5) 40... Nf6 (40... Kd7 $11 41. Na7 Bb8) 41. Nd4+ Ke5 42. Nb5 Bd8 43. Bd4+ Ke6 {[#]} 44. Bxf6 (44. Ba7 $1 $16) 44... Bxf6 $16 {KB-KN} 45. Nd4+ Ke5 46. b3 h5 47. Ne2 $2 {[#]} (47. c5 $11) 47... g4 $1 $19 48. f4+ Ke6 $2 ({Black should try} 48... gxf3 $19 49. gxf3 Bg5) 49. g3 $1 $11 {The position is equal.} ({Not} 49. Nd4+ $2 Bxd4 50. Kxd4 h4 $19) 49... Kd6 50. Nd4 Bxd4 51. Kxd4 Ke6 52. Ke3 ({Wrong is} 52. Kc5 $2 h4 53. gxh4 g3 $19) 52... Kd6 53. Kd4 {Weighted Error Value: White=0.21 (precise) /Black=0.19 (very precise) .  Loses game:     	White=1     	---        Missed win:     	---       	Black=1      Mistake:       	White=4     	Black=4      Inaccurate:     	White=2     	---        OK:         	White=15    	Black=19     Best:        	White=3     	Black=3      Strong:       	White=1     	Black=1} 1/2-1/2

[Event "45th FIDE Womens Olympiad 2024"]
[Site "Budapest"]
[Date "2024.09.15"]
[Round "5.50"]
[White "Berke, Ana"]
[Black "Peng, Zhaoqin"]
[Result "1/2-1/2"]
[ECO "C06"]
[WhiteElo "2093"]
[BlackElo "2349"]
[Annotator "TA"]
[PlyCount "63"]
[EventDate "2024.09.05"]
[EventType "team-tourn"]
[EventCountry "HUN"]
[SourceTitle "playchess.com"]
[Source "ChessBase"]
[SourceQuality "1"]
[WhiteTeam "Croatia"]
[BlackTeam "Netherlands"]
[WhiteTeamCountry "CRO"]
[BlackTeamCountry "NED"]
[TimeControl "40/5400+30:1800+30"]

1. e4 e6 2. d4 d5 3. Nd2 c5 4. Ngf3 Nf6 5. e5 Nfd7 6. c3 Nc6 7. Bd3 Be7 8. O-O a6 9. Re1 g5 10. dxc5 Nxc5 11. Nb3 {Strongly threatening Nxc5. White has an edge.} Nxd3 12. Qxd3 Bd7 13. Bd2 h6 14. Rac1 b5 (14... Na5 $11 {keeps the balance.}) 15. h3 Qc7 16. Nbd4 Kf8 17. b3 Kg7 18. Nxc6 Qxc6 19. Nd4 Qc8 20. f4 {White is much more active.} gxf4 21. Rf1 Qg8 $2 (21... Rh7 $16) 22. Rxf4 $18 {[#] And now Rg4+ would win.} ({Not} 22. Bxf4 Rh7 $16) 22... Qh7 $2 (22... Kf8 {keeps fighting.} 23. Qf3 Ba3) 23. Qg3+ Kf8 24. Rcf1 Ke8 25. Rxf7 Qxf7 26. Rxf7 Kxf7 27. Qf3+ Kg7 28. Qg4+ Kf7 29. Qh5+ Kg7 30. Qg4+ $2 {[#]} (30. Ne2 Rag8 31. Qg4+ Kf7 32. Qd4) 30... Kf7 31. Qh5+ Kg7 32. Qg4+ $2 {Weighted Error Value: White=0.62/Black=0.38.  Loses game:     	---       	Black=1      Missed win:     	White=1     	---        Mistake:       	White=1     	Black=2      Inaccurate:     	White=2     	Black=1      OK:         	White=10    	Black=5      Best:        	White=2     	Black=3} (32. c4 $18 Rh7 33. cxd5) 1/2-1/2

[Event "45th FIDE Womens Olympiad 2024"]
[Site "Budapest"]
[Date "2024.09.15"]
[Round "5.51"]
[White "Van Foreest, Machteld"]
[Black "Ivekovic, Tihana"]
[Result "1-0"]
[ECO "C54"]
[WhiteElo "2224"]
[BlackElo "2143"]
[Annotator "TA"]
[PlyCount "55"]
[EventDate "2024.09.05"]
[EventType "team-tourn"]
[EventCountry "HUN"]
[SourceTitle "playchess.com"]
[Source "ChessBase"]
[SourceQuality "1"]
[WhiteTeam "Netherlands"]
[BlackTeam "Croatia"]
[WhiteTeamCountry "NED"]
[BlackTeamCountry "CRO"]
[TimeControl "40/5400+30:1800+30"]

1. e4 e5 2. Nf3 Nc6 3. Bc4 Nf6 4. d3 Bc5 5. c3 d6 6. Nbd2 a6 7. Bb3 Ba7 8. Nf1 Ne7 9. Ng3 O-O 10. Bg5 Ng6 {White is slightly better.} 11. Nh5 Be6 ({Better is} 11... c6) 12. h3 $16 Re8 13. Qd2 {Bxf6 would now be deadly.} Kh8 {[#]} (13... Bxb3 $2 14. Bxf6 (14. axb3 Re6 $16) 14... Ba4 15. Bxd8 $18) 14. Nh2 $1 Bxb3 (14... Nf4 $16 {is a better defense.}) 15. axb3 $18 Re6 {[#]} 16. Ng4 $1 Qe7 17. Qe2 {aiming for g3.} Nf4 18. Nxf4 (18. Bxf4 Nxh5 19. Bd2 g6 $11) 18... exf4 19. O-O (19. Bxf4 Nxe4 20. dxe4 Rxe4 $19) (19. Nxf6 $6 gxf6 20. Bxf4 f5 $14) 19... d5 (19... Qf8 $16) 20. Qf3 (20. Bxf4 Nxg4 21. hxg4 dxe4) 20... dxe4 21. dxe4 {e5 is the strong threat.} (21. Qxf4 Nh5 22. Qd2 Qf8 $16) 21... Qc5 22. Bxf6 ({Not} 22. Bxf4 Nxe4 23. Be3 Qe7 $11) 22... gxf6 23. Qxf4 Qe7 24. Rfe1 Rg8 25. Rad1 Rg5 (25... f5 $142 26. Nh6 (26. Qxf5 Rg5 $18) 26... fxe4 27. Nxg8 Kxg8) 26. Nh6 {[%cal Od1d8] And now Rd8+! would win. White is clearly winning.} Ree5 (26... Kg7 $142 27. Nf5+ Rxf5 28. Qxf5 h6 29. Qg4+ Kf8) 27. h4 Rg6 {[#]} 28. Rd8+ $3 {[%mdl 512] Black did not feel at home in the position after the opening.   Weighted Error Value: White=0.14 (very precise) /Black=0.39.  Mistake:       	---       	Black=5      Inaccurate:     	White=3     	Black=3      OK:         	White=10    	Black=2      Best:        	White=1     	Black=1} 1-0

[Event "45th FIDE Womens Olympiad 2024"]
[Site "Budapest"]
[Date "2024.09.15"]
[Round "5.52"]
[White "Vujnovic, Patricija"]
[Black "Bensdorp-De Labaca, Marlies"]
[Result "1/2-1/2"]
[ECO "B11"]
[WhiteElo "2134"]
[BlackElo "2241"]
[Annotator "TA"]
[PlyCount "105"]
[EventDate "2024.09.05"]
[EventType "team-tourn"]
[EventCountry "HUN"]
[SourceTitle "playchess.com"]
[Source "ChessBase"]
[SourceQuality "1"]
[WhiteTeam "Croatia"]
[BlackTeam "Netherlands"]
[WhiteTeamCountry "CRO"]
[BlackTeamCountry "NED"]
[TimeControl "40/5400+30:1800+30"]

1. e4 c6 2. Nf3 d5 3. Nc3 dxe4 4. Nxe4 Nf6 5. Qe2 Nxe4 6. Qxe4 Nd7 7. Bc4 Nf6 {[#]} 8. Ne5 $1 e6 {White has an edge.} 9. Qe2 Be7 10. O-O O-O 11. a4 c5 12. Ra3 Qc7 13. Rh3 Bd6 (13... a6 $14) 14. f4 $1 $16 {White is much more active. The black rooks are passive.} b6 (14... Nd5 $16) 15. b3 $18 Bb7 $2 (15... Nd5 16. Bb2 f5) 16. Bb2 {Hoping for Ng4.} Rfe8 17. Bd3 (17. Ng4 $142 Nd5 18. Bxd5 Bxd5 (18... exd5 19. Nh6+ Kh8 20. Bxg7+ Kxg7 21. Nf5+ Kf8 22. Rxh7 f6 23. Rh8+ Kf7 24. Nxd6+ Kg7 25. Nxe8+) 19. Nf6+ Kf8 (19... gxf6 20. Bxf6) 20. Rxh7 (20. Nxe8 Rxe8 21. Rxh7 Qc8 $18) (20. Nxh7+ Ke7 $18)) 17... h6 18. Ng4 Nxg4 19. Qxg4 f5 20. Qg6 Qf7 (20... Bxf4 $2 {is the wrong capture.} 21. Rxf4 Qf7 22. Rxh6 Qxg6 23. Rxg6 $18) 21. Rxh6 {[%cal Oh6h8,Bh3h6,Bh6g6,Bg6g3][%mdl 32] Threatens to win with Rh8+!} Qxg6 22. Rxg6 Bf8 23. h4 Kf7 (23... Bd5 $142 24. h5 Rac8) 24. h5 Rad8 25. Bc3 Rxd3 26. cxd3 Rd8 27. Rg3 Ba6 28. Rff3 {Black must now prevent Re3.} Bb7 29. Rf1 Ba6 $1 30. Rc1 Bxd3 31. Be5 (31. Kf2 $18) 31... Be2 $16 {[#]} 32. d4 $1 Bxh5 33. dxc5 (33. Kf2 $16) 33... Bxc5+ $11 {[#]} 34. Rxc5 $1 bxc5 35. Rxg7+ $16 {[%mdl 4096] Endgame. KRB-KRB} (35. Bxg7 Rg8 36. Rg5 Rxg7 $11 (36... Bd1 37. Be5 $11)) 35... Ke8 36. Rxa7 Rd1+ (36... Bd1 $11) 37. Kh2 Rb1 ({Better is} 37... Be2) 38. Bd6 (38. a5 $142 {a6 is the strong threat.} Rxb3 39. a6) 38... Rxb3 {[#]} 39. Bxc5 (39. a5 $1 $16) 39... Rc3 $14 40. Bd6 Rc6 41. Bc7 Be2 42. a5 Ra6 43. Rb7 Kd7 {[#]} (43... Rc6 $1 $14) 44. Bb6+ $1 $16 Kc6 45. Rb8 Bc4 46. Rc8+ Kb5 $1 47. Kg3 Bd5 48. Kf2 Ra8 49. Rc7 Rb8 50. g3 Rb7 51. Rc5+ Ka6 52. Ke3 Rg7 53. Kf2 {Black defended with fortune.   Weighted Error Value: White=0.32/Black=0.25 (precise) .  Mistake:       	White=5     	Black=7      Inaccurate:     	White=3     	Black=2      OK:         	White=19    	Black=12     Best:        	White=3     	Black=6      Strong:       	White=2     	Black=2} 1/2-1/2

[Event "45th FIDE Womens Olympiad 2024"]
[Site "Budapest"]
[Date "2024.09.15"]
[Round "5.53"]
[White "Injac, Teodora"]
[Black "Movsesian, Julia"]
[Result "1-0"]
[ECO "A13"]
[WhiteElo "2425"]
[BlackElo "2198"]
[Annotator "TA"]
[PlyCount "81"]
[EventDate "2024.09.05"]
[EventType "team-tourn"]
[EventCountry "HUN"]
[SourceTitle "playchess.com"]
[Source "ChessBase"]
[SourceQuality "1"]
[WhiteTeam "Serbia"]
[BlackTeam "Czech Republic"]
[WhiteTeamCountry "SRB"]
[BlackTeamCountry "CZE"]
[TimeControl "40/5400+30:1800+30"]

1. c4 e6 2. Nf3 Nf6 3. g3 d5 4. Bg2 d4 5. d3 c5 6. e4 Nc6 7. e5 Nd7 8. Bf4 {The position is equal.} Be7 {Threatens to win with ...g5.} 9. h4 f6 ({Better is} 9... h6 $11) 10. exf6 $14 Nxf6 11. Nbd2 O-O 12. O-O h6 13. Ne5 Nxe5 14. Bxe5 Nd7 15. Qe2 Nxe5 16. Qxe5 Bd6 17. Qe2 Qb6 (17... e5 $1 $11 {is superior.}) 18. Nf3 Bd7 19. Ne5 Bxe5 20. Qxe5 Rf6 21. Rae1 Raf8 22. Re2 Bc6 23. Be4 Bxe4 24. Qxe4 Qc7 25. Kg2 Qf7 26. f4 b6 27. a3 Qh5 28. Qf3 $36 {[%mdl 2048] White has strong initiative.} Qg6 {[#] Hoping for ...Rxf4.} 29. h5 Qf7 30. Re5 {White is more active.} Rf5 31. Rfe1 Rxe5 32. Rxe5 $16 {[%mdl 4096] Endgame. KQR-KQR} Qd7 {[#]} (32... Qe7 $142 33. Qc6 Rf6) 33. Qe4 $1 $18 Rf6 34. b4 cxb4 (34... Qc8 {was called for.} 35. b5 Kf8) 35. axb4 Qa4 36. b5 (36. Qxd4 Qxb4 37. Qe3 Qb2+ 38. Qe2 Qc3 $14 (38... Qxe2+ 39. Rxe2 Kf8 40. Kf3 $14)) ({Less strong is} 36. Rxe6 Rxe6 37. Qxe6+ Kh8 $16) 36... Qc2+ 37. Qe2 Qxe2+ 38. Rxe2 Kf7 $2 (38... Kf8 39. Kf3 Rf5) 39. Ra2 {White is clearly winning.} e5 40. Rxa7+ Ke6 41. fxe5 {Weighted Error Value: White=0.09 (flawless) /Black=0.27 (precise) .  Mistake:       	---       	Black=5      Inaccurate:     	White=4     	Black=5      OK:         	White=7     	Black=12     Best:        	White=4     	Black=1      Strong:       	White=1     	---} 1-0

[Event "45th FIDE Womens Olympiad 2024"]
[Site "Budapest"]
[Date "2024.09.15"]
[Round "5.54"]
[White "Kanakova, Natalie"]
[Black "Gajcin, Marina"]
[Result "0-1"]
[ECO "B33"]
[WhiteElo "2145"]
[BlackElo "2253"]
[Annotator "TA"]
[PlyCount "90"]
[EventDate "2024.09.05"]
[EventType "team-tourn"]
[EventCountry "HUN"]
[SourceTitle "playchess.com"]
[Source "ChessBase"]
[SourceQuality "1"]
[WhiteTeam "Czech Republic"]
[BlackTeam "Serbia"]
[WhiteTeamCountry "CZE"]
[BlackTeamCountry "SRB"]
[TimeControl "40/5400+30:1800+30"]

1. e4 c5 2. Nf3 Nc6 3. d4 cxd4 4. Nxd4 Nf6 5. Nc3 e5 6. Ndb5 d6 7. Bg5 a6 8. Na3 b5 9. Nd5 Be7 10. Bxf6 Bxf6 11. c4 b4 12. Nc2 a5 13. Qf3 Be7 14. Rd1 Bd7 (14... O-O $5) 15. Nxe7 {White is slightly better.} Qxe7 16. Qd3 a4 17. Be2 Rb8 18. b3 ({Much weaker is} 18. Qxd6 b3 19. axb3 Rxb3 $11) 18... Na5 19. O-O ({But not} 19. Qxd6 Qxd6 20. Rxd6 axb3 21. axb3 Nxb3 $15) 19... Be6 20. bxa4 Bxc4 21. Qd2 Bxe2 22. Qxe2 O-O 23. Ne3 Rfd8 24. Nf5 Qe6 25. Rd5 Nb7 {[%cal Ba5b7,Bb7c5,Bc5a4,Ba4c3][%mdl 32] [#]} 26. a5 ({White should try} 26. f4 $1 $16) 26... g6 $11 27. Ne3 Nc5 28. Nc4 Na4 {Strongly threatening ...Nc3.} 29. Qd3 Nc3 30. Rxd6 Rxd6 31. Qxd6 Qxd6 32. Nxd6 Nxa2 {[%mdl 4096] Endgame. Threatening ...Nc3. KRN-KRN} 33. Ra1 $2 {Loses the game.} (33. Nc4 $11) 33... b3 $19 34. Nc4 Rc8 35. Nb2 Rc5 {Black is more active.} 36. a6 Ra5 37. Nc4 (37. Rd1 $17 {was worth a try.}) 37... Rxa6 {[#] White must now prevent ...Rc6.} 38. g3 Ra4 39. Nd2 (39. Nxe5 Rxe4 40. Nd3) 39... b2 {Black is clearly winning.} 40. Rb1 Rb4 {And now ...Nc3 would win.} 41. Re1 (41. Kg2 $142) 41... Nc1 42. Nb1 Ra4 {...Ra1 would now be deadly.} 43. f4 Ra1 44. Nd2 Ne2+ (44... Nb3 $142 45. Nb1 Nd2 46. fxe5 Nf3+ (46... Nxb1 $2 47. Kf2 $19) (46... Rxb1 47. Rxb1 Nxb1 48. Kf2 Nc3 49. Ke3 b1=Q 50. Kd4 Qb4+ 51. Kd3 Nxe4 52. g4 Nc5+ 53. Ke3 Qe4+ 54. Kf2 Nd3+ 55. Kg3 Qe3+ 56. Kh4 Qf2+ 57. Kg5 h6+ 58. Kxh6 Qh4#) 47. Kf2 Nxe1) 45. Kf2 Nc3 {Weighted Error Value: White=0.57/Black=0.30.  Mistake:       	White=5     	---        Inaccurate:     	White=1     	Black=4      OK:         	White=14    	Black=11     Best:        	White=1     	Black=8} 0-1